AoeStats
← tbzachary

Arena

507165085Analyzed
1v1 RM · 17d ago on Sep 16, 2026· 46m 42s· 2 players
Game mode
Random Map
Map size
Tiny (2 player)
Population
200
Speed
Normal
Resources
Standard
Victory
Conquest
Starting age
Dark Age
Ending age
Imperial Age
RankedLock teamsTeams togetherTeam positionsShared explorationLock speedFull tech treeHidden civsTurbo modeCheats
Victory
Defeat
🇺🇸 Slavs · United States
761
+17
🇺🇸 Mongols · United States
775
-17
Garam Chai
11:02 Feudal Age
16:23 Castle Age
14:34 Double-Bit Axe
15:02 Horse Collar
24:15 Heavy Plow
31:28 Imperial Age
29:46 Bow Saw
30:13 Gold Mining
30:18 Stone Mining
31:40 Wheelbarrow
32:13 Forging
34:44 Two-Man Saw
35:10 Gold Shaft Mining
35:09 Elite Boyar
37:02 Pikeman
43:39 Halberdier
44:19 Squires
47:01 Iron Casting
46:26 Scale Mail Armor
46:31 Scale Barding Armor
46:27 Padded Archer Armor
46:17 Fletching
tbzachary
8:36 Loom
10:23 Feudal Age
13:16 Double-Bit Axe
13:25 Loom
16:14 Castle Age
16:06 Horse Collar
18:06 Bow Saw
18:22 Padded Archer Armor
18:12 Fletching
18:27 Husbandry
18:37 Bloodlines
29:20 Gold Mining
29:21 Stone Mining
32:40 Imperial Age
31:41 Ballistics
31:18 Murder Holes
33:59 Drill
35:10 Forging
35:06 Scale Barding Armor
39:33 Heavy Camel Rider
41:19 Heavy Plow
43:28 Gold Shaft Mining
43:29 Stone Shaft Mining
44:16 Iron Casting
44:02 Chain Barding Armor
Connection lost

Rejoining the realm…

Still unreachable

The connection could not be restored.

Session expired

The server has moved on; the page needs a fresh start.